cohdb
Replays
Latest Replays
All Replays
Popular Replays
Top Player Replays
Match Explorer
How It Works
Community
CoH3 Stats
Reddit
Sign in to upload your games and track your stats! →
Sign in with Steam
Match 42492764
Unlisted
Match 42492764
Overview
Messages
Build Orders
End
Royal Engineer Section
Construct Section Command Post
Construct Section Command Post
Selects Heavy Armor Battlegroup
Selects Heavy Armor Battlegroup
ML 3-inch Mortar Team
Infantry Section
Grenade Package
Construct Platoon Command Post
Infantry Section
Selects Engineer Detachments
Infantry Section
Unlock M3 Stuart Light Tanks
M3 Stuart Light Tank
Selects Forward Repair Assembly
Infantry Section
M3 Stuart Light Tank
M3 Stuart Light Tank
Infantry Section
MaxBenJim
Gerald Bowmans
Hunter
Kham
Strange
Team saupiquet
ramiraiise
GomFlo
0
0
Comments
sign in to comment!
No comments posted yet!